Map: Sludge City

Players

AndreyZ

  • Race: Protoss Protoss
  • Spawn Location: 5:00

SpaceDemon

  • Race: Zerg Zerg
  • Spawn Location: 5:00

neulaender

  • Race: Zerg Zerg
  • Spawn Location: 11:00

Baumdoktor

  • Race: Protoss Protoss
  • Spawn Location: 9:00

VOD

Have the link to the VOD?

Description

Time

  • Played on: Oct. 21, 2016, 3:42 p.m.
  • Length: 15:41
Show
View Real Time Build Order
Export as new Build Order

AndreyZ Protoss 

Build Orders:  

Get SALT Encoding   

  12  0:01  Probe (Chrono Boost)  
  13  0:22  Pylon  
  13  0:25  Probe (Chrono Boost)  
  14  0:36  Probe (Chrono Boost)  
  15  0:46  Probe (Chrono Boost), Gateway  
  17  0:57  Probe (Chrono Boost)  
  17  1:07  Probe (Chrono Boost)  
  17  1:09  Assimilator  
  18  1:14  Pylon  
  18  1:18  Probe (Chrono Boost)  
  19  1:35  Cybernetics Core  
  19  1:40  Gateway x2  
  19  1:48  Probe (Chrono Boost)  
  19  1:49  Gateway  
  20  1:57  Warp Gate  
  20  1:59  Probe (Chrono Boost)  
  21  2:15  Zealot  
  23  2:21  Assimilator  
  23  2:34  Zealot x2, Pylon  
  27  2:39  Zealot  
  27  2:42  Zealot  
  31  2:54  Probe (Chrono Boost)  
  33  3:06  Probe (Chrono Boost)  
  33  3:11  Twilight Council  
  33  3:18  Probe (Chrono Boost)  
  34  3:24  Pylon  
  34  3:35  Charge  
  34  3:53  Pylon  
  34  4:36  Stalker x4  
  28  5:15  Blink  
  28  5:17  Stalker x4  
  34  5:41  Zealot x3  
  34  5:42  Zealot  
  41  5:48  Forge  
  41  5:50  Pylon  
  41  6:10  Nexus, Unknown  
  41  6:13  Pylon  
  41  6:16  Assimilator  
  41  6:19  Assimilator  
  41  6:23  Zealot  
  41  6:24  Protoss Ground Weapons Level 1  
  43  6:28  Zealot  
  46  6:33  Probe (Chrono Boost)  
  46  6:45  Probe (Chrono Boost)  
  35  7:12  Zealot x4  
  43  7:21  Unknown  
  39  7:51  Stalker x3  
  39  7:52  Stalker  
  47  7:59  Probe (Chrono Boost)  
  47  8:05  Protoss Ground Weapons Level 2  
  49  8:06  Probe (Chrono Boost)  
  49  8:10  Probe (Chrono Boost)  
  50  8:18  Probe (Chrono Boost)  
  51  8:20  Probe (Chrono Boost)  
  52  8:30  Probe (Chrono Boost)  
  52  8:31  Probe (Chrono Boost)  
  54  8:35  Pylon  
  56  8:41  Probe (Chrono Boost)  
  56  8:42  Probe (Chrono Boost)  
  56  8:50  Dark Shrine, Gateway x2  
  56  8:51  Zealot  
  56  8:52  Zealot x2  
  50  9:11  Stalker  
  52  9:21  Unknown  
  52  9:30  Zealot x2  
  52  9:31  Zealot  
  44  10:06  Protoss Ground Armor Level 1  
  44  10:10  Zealot  
  44  10:11  Stalker, Zealot  
  44  10:12  Stalker  
  52  10:19  Dark Templar  
  52  10:20  Dark Templar  
  56  10:30  Gateway  
  56  10:32  Gateway  
  56  10:34  Dark Templar x2  
  56  10:35  Dark Templar  
  62  10:37  Zealot  
  64  11:10  Zealot x5  
  72  12:27  Zealot  
  72  12:28  Zealot x5  
  72  12:29  Zealot x2  
  86  12:51  Pylon  
  86  12:52  Pylon  
  86  12:54  Pylon  
  86  12:56  Pylon  
  68  13:19  Nexus, Unknown  
  58  13:21  Pylon  
  58  13:25  Pylon  
  58  13:47  Stalker x4  
  58  13:48  Stalker  
  68  13:49  Stalker x3  
  74  14:01  Probe (Chrono Boost), Pylon  
  75  14:07  Probe (Chrono Boost)  
  76  14:11  Probe (Chrono Boost)  
  76  14:12  Pylon  
  77  14:19  Probe (Chrono Boost)  
  77  14:22  Probe (Chrono Boost)  
  77  14:24  Zealot x5  
  81  14:25  Zealot x3  
  81  14:31  Probe (Chrono Boost), Unknown  
  96  14:32  Probe (Chrono Boost)  
  97  14:43  Probe x2 (Chrono Boost)  
  82  15:08  Zealot x3  
  82  15:09  Zealot x4  
  82  15:10  Zealot  
Show
View Real Time Build Order
Export as new Build Order

SpaceDemon Zerg 

Build Orders: Pool First 

Get SALT Encoding   

  12  0:03  Drone  
  13  0:28  Spawning Pool  
  12  0:29  Extractor, Drone  
  12  0:32  Drone  
  13  0:42  Overlord  
  13  0:46  Drone  
  14  1:16  Queen  
  16  1:19  Roach Warren  
  16  1:22  Drone  
  16  1:30  Overlord  
  16  1:41  Drone  
  17  2:01  Roach x3  
  23  2:14  Overlord  
  23  2:26  Roach  
  23  2:27  Roach x2  
  29  2:33  Roach  
  31  2:41  Drone  
  32  2:51  Drone  
  33  3:03  Overlord  
  33  3:06  Metabolic Boost  
  33  3:10  Drone  
  34  3:30  Unknown, Hatchery  
  33  3:58  Ravager  
  33  4:00  Ravager  
  33  4:03  Ravager  
  34  4:19  Zergling x2  
  34  4:20  Zergling x8  
  36  4:38  Ravager  
  37  4:42  Unknown  
  32  5:02  Drone  
  32  5:03  Drone x2  
  32  5:06  Queen  
  28  5:14  Roach  
  26  5:29  Extractor  
  25  5:36  Roach x5  
  35  5:46  Drone x2  
  35  5:47  Evolution Chamber, Drone  
  35  5:49  Evolution Chamber  
  36  5:59  Zergling x6  
  39  6:07  Lair  
  39  6:15  Zergling x12  
  45  6:36  Zerg Ground Armor Level 1  
  45  6:43  Drone x4  
  45  6:44  Drone x3  
  52  6:51  Spine Crawler  
  52  6:53  Spine Crawler  
  48  7:05  Zergling x2  
  48  7:06  Zergling x10  
  41  7:20  Roach x5  
  51  7:30  Overlord  
  51  7:31  Overlord  
  46  7:47  Roach x2  
  46  7:49  Overlord  
  50  8:00  Zerg Missile Weapons Level 1  
  50  8:03  Roach  
  50  8:04  Roach x4  
  60  8:11  Extractor  
  59  8:16  Glial Reconstitution  
  59  8:19  Roach  
  63  8:20  Roach  
  63  8:23  Drone x3  
  63  8:25  Extractor  
  65  8:35  Drone x3  
  68  8:45  Zergling x2  
  69  8:55  Hydralisk Den  
  67  9:05  Zergling x2  
  67  9:06  Zergling x14  
  69  9:15  Zergling x2  
  69  9:16  Zergling x4  
  57  9:20  Zergling x10  
  57  9:22  Unknown x2  
  45  9:34  Hydralisk x2  
  42  10:00  Hydralisk x6  
  42  10:05  Zerg Missile Weapons Level 2  
  54  10:13  Hydralisk x3  
  60  10:16  Hydralisk  
  60  10:19  Zergling x2  
  63  10:30  Muscular Augments  
  63  10:38  Zergling x8  
  67  11:08  Roach x4  
  67  11:10  Overlord x2  
  67  11:11  Overlord  
  75  11:41  Hydralisk x7  
  87  12:20  Zerg Ground Armor Level 2  
  87  12:21  Unknown, Hatchery  
  77  12:55  Roach x10  
  61  13:13  Hydralisk x2  
  65  13:32  Unknown, Zergling x2  
  65  13:34  Zergling x2  
  63  13:49  Queen  
  63  13:51  Drone x5  
  70  14:02  Zergling x8  
  69  15:03  Zergling x2  
  69  15:04  Zergling x24  
Show
View Real Time Build Order
Export as new Build Order

neulaender Zerg 

Build Orders: Hatch First 

Get SALT Encoding   

  12  0:01  Drone  
  13  0:13  Overlord  
  13  0:18  Drone  
  14  0:31  Drone x2  
  14  0:35  Drone  
  17  0:55  Unknown, Hatchery  
  16  1:07  Extractor  
  16  1:08  Drone x3  
  18  1:21  Spawning Pool  
  18  1:24  Drone  
  18  1:31  Drone  
  19  1:41  Overlord  
  19  1:55  Drone  
  20  2:02  Drone  
  20  2:07  Unknown  
  21  2:08  Queen  
  21  2:09  Queen  
  21  2:11  Drone  
  21  2:13  Drone  
  27  2:22  Drone  
  28  2:30  Metabolic Boost  
  28  2:38  Evolution Chamber  
  28  2:40  Evolution Chamber  
  28  2:41  Zergling x4  
  28  2:42  Zergling x2  
  28  2:43  Zergling x2  
  30  2:52  Drone  
  30  2:53  Drone  
  32  3:10  Drone x2  
  32  3:11  Zergling x2  
  35  3:15  Zerg Melee Weapons Level 1  
  35  3:18  Extractor  
  33  3:25  Zergling x2  
  33  3:26  Zergling x4  
  36  3:28  Overlord  
  36  3:38  Spine Crawler, Zergling x2  
  36  3:39  Spine Crawler, Zergling x2  
  36  3:40  Spine Crawler  
  35  3:42  Zergling x2  
  35  3:47  Zergling x4  
  38  4:00  Zergling x2  
  38  4:01  Zergling x12  
  36  4:19  Zergling x2  
  36  4:20  Zergling x4  
  36  4:23  Zerg Ground Armor Level 1  
  39  4:45  Zergling x10  
  39  5:00  Zergling x2  
  39  5:01  Zergling x12  
  37  5:16  Zergling x4  
  39  5:25  Roach Warren  
  39  5:26  Zerg Missile Weapons Level 1  
  39  5:27  Lair  
  38  5:32  Zergling x2  
  38  5:33  Zergling x6  
  42  5:42  Drone  
  42  5:43  Drone x2  
  42  5:44  Overlord x3  
  44  5:53  Roach Warren  
  43  6:07  Unknown, Hatchery  
  42  6:18  Zergling x24  
  49  6:26  Glial Reconstitution  
  49  6:30  Roach x2  
  53  6:40  Roach  
  53  6:41  Roach  
  53  6:45  Overseer  
  57  6:47  Pneumatized Carapace  
  40  7:04  Roach x6  
  40  7:05  Zergling x2  
  40  7:07  Zergling x2  
  49  7:18  Unknown  
  49  7:20  Zergling x4  
  51  7:24  Drone  
  52  7:33  Drone  
  51  7:39  Roach  
  51  7:40  Roach x4  
  51  7:41  Zergling x2  
  55  7:59  Roach x5  
  55  8:00  Zergling x2  
  66  8:06  Drone x2  
  66  8:07  Drone  
  69  8:15  Zerg Melee Weapons Level 2  
  69  8:18  Zergling x2  
  69  8:19  Zergling x2  
  71  8:44  Queen  
  71  8:45  Drone  
  71  8:47  Overlord x3  
  74  8:48  Extractor  
  58  9:10  Roach x4  
  58  9:11  Roach x2  
  45  9:30  Drone  
  45  9:31  Drone x2  
  48  9:33  Drone x3  
  48  9:36  Roach x3  
  57  9:51  Zergling x2  
  57  9:52  Zergling x4  
  60  10:00  Roach  
  60  10:01  Roach x5, Zergling x2  
  60  10:02  Zergling x2  
  76  10:14  Roach  
  76  10:15  Zergling x10  
  76  10:17  Roach  
  83  10:25  Zerg Ground Armor Level 2  
  83  10:29  Drone x2  
  85  10:47  Roach x2  
  85  10:49  Overlord x3  
  89  10:58  Overlord x2  
  89  11:00  Overseer x2  
  89  11:26  Roach  
  89  11:27  Roach x5  
  89  11:28  Roach  
  89  11:29  Unknown, Hatchery  
  101  11:47  Spore Crawler  
  101  11:48  Spine Crawler  
  101  11:50  Spine Crawler  
  101  11:51  Spore Crawler  
  101  11:53  Spine Crawler  
  96  11:56  Spore Crawler  
  95  12:04  Spore Crawler  
  95  12:06  Spore Crawler  
  95  12:08  Spine Crawler  
  88  12:10  Spine Crawler  
  88  12:13  Overseer x2  
  83  12:27  Zergling x12  
  89  12:33  Zergling x2  
  90  12:38  Drone x2  
  90  12:40  Unknown  
  90  12:42  Drone  
  64  13:04  Zergling x14  
  64  13:05  Zergling x2  
  58  13:19  Roach  
  44  13:20  Roach x2  
  42  13:35  Roach  
  42  13:36  Roach x4  
  52  13:42  Drone x2  
  52  13:48  Roach x6  
  66  13:57  Unknown, Hatchery  
  64  14:25  Drone x4  
  49  14:49  Roach  
  49  14:50  Roach x13  
  65  15:06  Roach x4  
  71  15:07  Zergling x4  
  71  15:21  Zergling x2  
  71  15:22  Zergling x6  
Show
View Real Time Build Order
Export as new Build Order

Baumdoktor Protoss 

Build Orders: 1 Gate Expand 

Get SALT Encoding   

  12  0:02  Probe (Chrono Boost)  
  13  0:12  Probe (Chrono Boost)  
  14  0:18  Pylon  
  14  0:23  Probe (Chrono Boost)  
  15  0:36  Gateway  
  15  0:38  Probe (Chrono Boost)  
  16  0:49  Probe (Chrono Boost)  
  17  1:00  Probe (Chrono Boost)  
  18  1:14  Nexus, Unknown  
  18  1:22  Pylon  
  18  1:31  Cybernetics Core  
  18  1:33  Probe (Chrono Boost)  
  18  1:38  Assimilator  
  19  1:43  Assimilator  
  19  1:45  Probe (Chrono Boost)  
  20  1:55  Zealot  
  20  1:56  Probe (Chrono Boost)  
  23  2:06  Probe (Chrono Boost)  
  24  2:15  Warp Gate  
  24  2:17  Probe (Chrono Boost)  
  25  2:25  Stalker  
  25  2:26  Unknown  
  25  2:27  Probe (Chrono Boost)  
  28  2:43  Probe (Chrono Boost)  
  29  2:47  Probe (Chrono Boost)  
  30  2:53  Gateway  
  30  2:54  Probe (Chrono Boost)  
  30  2:58  Probe (Chrono Boost), Gateway  
  32  3:04  Probe (Chrono Boost)  
  32  3:05  Pylon  
  33  3:12  Twilight Council  
  33  3:21  Gateway  
  33  3:26  Gateway  
  33  3:27  Stalker  
  35  3:43  Stalker  
  35  3:56  Stalker  
  32  4:13  Stalker  
  34  4:51  Stalker x4  
  34  5:32  Nexus, Unknown  
  34  5:35  Assimilator  
  34  5:39  Assimilator  
  34  5:45  Pylon  
  34  5:47  Pylon  
  34  5:50  Pylon  
  34  5:52  Pylon  
  34  6:03  Probe (Chrono Boost)  
  35  6:08  Stalker x4  
  43  6:14  Probe (Chrono Boost)  
  44  6:24  Probe (Chrono Boost)  
  45  6:35  Probe (Chrono Boost)  
  45  6:39  Blink  
  46  6:43  Unknown  
  46  6:44  Probe (Chrono Boost)  
  46  6:46  Probe (Chrono Boost)  
  48  6:47  Pylon  
  48  6:52  Pylon  
  48  6:54  Probe (Chrono Boost)  
  49  7:05  Probe (Chrono Boost), Stalker x4  
  49  7:15  Probe (Chrono Boost)  
  49  7:34  Forge  
  47  7:39  Stalker x3  
  47  7:40  Stalker  
  55  8:06  Stalker  
  55  8:07  Stalker x3  
  63  8:18  Photon Cannon  
  63  8:20  Photon Cannon  
  63  8:36  Gateway  
  63  8:37  Stalker x4  
  63  8:40  Charge  
  63  8:41  Protoss Ground Weapons Level 1  
  71  8:51  Probe (Chrono Boost)  
  72  8:56  Zealot  
  72  9:02  Probe (Chrono Boost)  
  75  9:07  Stalker x3  
  81  9:12  Probe (Chrono Boost)  
  82  9:21  Stalker x2  
  82  9:23  Probe (Chrono Boost)  
  59  9:44  Zealot x4  
  51  10:01  Zealot x2  
  51  10:02  Zealot x2  
  59  10:20  Protoss Ground Armor Level 1  
  59  10:23  Zealot x3  
  59  10:24  Zealot x3  
  71  10:38  Nexus, Unknown  
  71  10:44  Stalker x2  
  71  10:45  Stalker x4  
  83  11:08  Stalker  
  85  11:15  Pylon  
  85  11:22  Pylon  
  85  11:32  Pylon  
  85  11:33  Assimilator  
  85  11:37  Assimilator  
  85  11:38  Zealot x5  
  93  12:00  Robotics Facility  
  69  12:49  Nexus, Unknown, Observer  
  58  13:10  Observer  
  53  13:16  Stalker x3  
  53  13:17  Stalker x3  
  51  13:48  Zealot x5  
  55  13:49  Zealot  
  63  14:00  Unknown  
  63  14:06  Forge  
  63  14:11  Assimilator  
  63  14:12  Stalker  
  63  14:13  Stalker x3  
Tags
 
Add a new tag
Caveats
  • Supply blocks, unpowered buildings, or Contaminate may cause inaccurate times.
  • Supply counts are checked every 10 seconds.